 Dungeon Crawl Stone Soup version 0.26-a0-1191-ge2a0e31ab3 (webtiles) character file.

Game seed: 9058288804057499993

81 LufLufFighter the Changer (level 4, 0/34 HPs)
             Began as a Merfolk Transmuter on Dec 28, 2020.
             Succumbed to an adder's poison
             ... on level 3 of the Dungeon on Dec 29, 2020.
             The game lasted 00:03:00 (3970 turns).

LufLufFighter the Changer (Merfolk Transmuter)      Turns: 3970, Time: 00:03:00

Health: 0/34       AC:  2    Str: 11    XL:     4   Next: 42%
Magic:  3/8        EV: 13    Int: 12    God:
Gold:   184        SH:  0    Dex: 14    Spells: 2/8 levels left

rFire    . . .     SeeInvis .     - Unarmed
rCold    . . .     Faith    .   (no shield)
rNeg     . . .     Spirit   .   a - +0 robe
rPois    .         Reflect  .   (no helmet)
rElec    .         Harm     .   (no cloak)
rCorr    .         Rampage  .   (no gloves)
Will     .....                  (no boots)
Stlth    +.........             (no amulet)
HPRegen  0.11/turn              (no ring)
MPRegen  0.11/turn              (no ring)

@: mighty, lethally poisoned (0 -> -12), attractive, flying, very slightly
contaminated
A: change form in water, swift swim, stealthy swim
a: no special abilities


You were on level 3 of the Dungeon.
You visited 1 branch of the dungeon, and saw 3 of its levels.

You collected 184 gold pieces.

Inventory:

Armour
 a - a +0 robe (worn)
Scrolls
 c - 3 scrolls of identify {unknown}
 e - a scroll of magic mapping {unknown}
 f - a scroll of enchant weapon {unknown}
 g - a scroll of blinking {unknown}
 j - 2 scrolls of amnesia {unknown}
 l - 2 scrolls of fog {unknown}
Potions
 b - 3 potions of flight
 d - a potion of lignification {unknown}
 h - a potion of invisibility {unknown}
 i - a potion of might
 k - a potion of curing {unknown}
 m - a potion of attraction


   Skills:
 * Level 2.5 Fighting
 - Level 2.6 Dodging
 - Level 3.2 Unarmed Combat
 * Level 2.8 Spellcasting
 * Level 3.9 Transmutations
 * Level 1.2 Poison Magic


You had 2 spell levels left.
You knew the following spells:

 Your Spells              Type           Power        Failure   Level
a - Beastly Appendage     Tmut           22%          4%          1
b - Wereblood             Tmut           11%          8%          2
c - Spider Form           Tmut/Pois      3%           26%         3

Your spell library contained the following spells:

 Spells                   Type           Power        Failure   Level
 Ice Form                 Ice/Tmut       6%           73%         4
 Blade Hands              Tmut           5%           80%         5


Dungeon Overview and Level Annotations

Branches:
Dungeon (3/15)

Altars:
Fedhas

Annotations:
D:2 exclusion: oklob plant


Message History

You fly up into the air.
You feel sick. The adder bites you but does no damage.
The adder barely misses you.
It was a potion of might.
You feel very mighty all of a sudden.
You feel sick. The adder closely misses you.
Your horns disappear.
The adder completely misses you.
There is an open door here.
You closely miss the adder.
The adder is moderately wounded.
You feel sick. The adder bites you.
* * * LOW HITPOINT WARNING * * *
You are more poisoned.
The adder poisons you!
* * * LOW HITPOINT WARNING * * *
You feel sick.
Unknown command.
It was a potion of attraction.
You feel attractive to monsters.
You die...

.#
#...............#
..
#......#.......##
.##..†...#.......#
.(#.....##.......#
#.#..†...+.......#
#.#.w....#.......#
#.#..............#
#..##S##.........#
##.##@#####.######
#.##.###<#.#
#..#...#.#.#
...#.#.#...#
....#.#...###
.......###.#
........# #.#
)......... ...
.........>. ....


You could see a worm and an adder.

Vanquished Creatures
  2 adders (D:2)
  3 worms (D:2)
  2 dart slugs
  2 leopard geckos
  5 bats
  A giant cockroach (D:2)
  7 goblins
  7 hobgoblins
  6 jackals (D:2)
  3 kobolds (D:2)
  2 quokkas (D:2)
  2 frilled lizards (D:1)
  3 rats
45 creatures vanquished.

Vanquished Creatures (others)
  33 fungi (D:2)
  56 plants (D:2)
  18 toadstools (D:2)
107 creatures vanquished.

Grand Total: 152 creatures vanquished

Notes
Turn   | Place    | Note
-------+----------+-------------------------------------------
     0 | D:1      | LufLufFighter the Merfolk Transmuter began the quest for
                  | the Orb.
     0 | D:1      | Reached XP level 1. HP: 15/15 MP: 3/3
   332 | D:1      | Reached XP level 2. HP: 17/21 MP: 3/5
   335 | D:1      | Learned a level 2 spell: Wereblood
  2127 | D:2      | Reached XP level 3. HP: 24/27 MP: 4/6
  2135 | D:2      | Learned a level 3 spell: Spider Form
  2700 | D:2      | Reached skill level 1 in Poison Magic
  2700 | D:2      | Reached XP level 4. HP: 7/33 MP: 5/8
  3375 | D:2      | Found a blossoming altar of Fedhas.
  3412 | D:2      | Noticed an oklob plant
  3969 | D:3      | HP: 1/34 [poisoned by an adder]
  3970 | D:3      | Succumbed to an adder's poison

Illustrated notes

Levels and vault maps discovered:
D:1:      minmay_arrival_diagonal_passages, layout_basic, minivault_5
D:2:      layout_basic, tgw_fedhas
D:3:      layout_basic, eat_drink_and_be_merry_uskayaw,
          gammafunk_temple_overflow_statue

Skill      XL: |  1  2  3 |
---------------+----------+-----
Transmutations | 3 |  3.9
Fighting       | 2 |  2.5
Poison Magic   | 1 |  1.2
Dodging        | |  2.6
Unarmed Combat | |  3.2
Spellcasting   | |  2.8

Action                   |  1- 3 |  4- 6 || total
-------------------------+-------+-------++-------
Melee: Unarmed           |   117 |    45 ||   162
       Headbutt          |    14 |     3 ||    17
       Punch             |     2 |       ||     2
 Cast: Beastly Appendage |    26 |    10 ||    36
       Spider Form       |     1 |     1 ||     2
  Use: Potion            |       |     3 ||     3
 Stab: Sleeping          |     1 |       ||     1
Armor: Robe              |    16 |    10 ||    26
       Skin              |       |     1 ||     1
Dodge: Dodged            |    77 |    38 ||   115

Table legend: (Time is in decaauts)
 A = Elapsed time spent in this place.
 B = Non-inter-level travel time spent in this place.
 C = Inter-level travel time spent in this place.
 D = Time resting spent in this place.
 E = Time spent auto-exploring this place.
 F = Levels seen in this place.
 G = Mean time per level.
                   A        B        C        D        E       F      G
               +--------+--------+--------+--------+--------+-----+--------+
         Total |   3956 |   3872 |     84 |    710 |   2755 |   3 | 1318.7 |
       Dungeon |   3956 |   3872 |     84 |    710 |   2755 |   3 | 1318.7 |
               +--------+--------+--------+--------+--------+-----+--------+

Top non-repeatable levels by time:
     D:2: 2205 daAuts
     D:1: 1590 daAuts
     D:3: 160 daAuts
